 Dungeon Crawl Stone Soup version 0.30-a0-591-g3c58d2bc28 (webtiles) character file.

Game seed: 13305150787761817951

48 kae the Insei (level 3, -1/26 HPs)
             Began as a Demonspawn Transmuter on Jan 4, 2023.
             Succumbed to Terence's poison
             ... on level 2 of the Dungeon.
             The game lasted 00:01:35 (959 turns).

kae the Insei (Demonspawn Transmuter)                Turns: 959, Time: 00:01:36

Health: -1/26      AC:  2    Str: 10    XL:     3   Next: 50%
Magic:  3/6        EV: 19    Int: 16    God:
Gold:   1883       SH:  0    Dex: 18    Spells: 0/6 levels left

rFire   . . .      SeeInvis .      - Unarmed
rCold   . . .      Faith    .    (shield currently unavailable)
rNeg    . . .      Spirit   .    (body armour currently unavailable)
rPois   x          Reflect  .    (helmet currently unavailable)
rElec   .          Harm     .    (cloak currently unavailable)
rCorr   .          Rampage  .    (gloves currently unavailable)
Will    .....                    (boots currently unavailable)
Stlth   ++                       (no amulet)
HPRegen 0.24/turn                (no ring)
MPRegen 0.10/turn                (no ring)

@: lethally poisoned (-1 -> -11), spider-form (expiring)
A: venomous fangs, tiny, demonic guardian 1, (weakness stinger 1)
a: End Transformation


You were on level 2 of the Dungeon.
You were a venomous arachnid creature.
You visited 1 branch of the dungeon, and saw 2 of its levels.

You collected 1883 gold pieces.


Innate Abilities, Weirdness & Mutations

You are a venomous arachnid creature.
You have poisonous fangs.
You are tiny and dextrous.
Your spellcasting is less reliable in this form.
Your armour is entirely melded.
You are incapable of wielding weapons or throwing items.
A weak demonic guardian rushes to your aid.
((You have a small tail.))


   Skills:
 - Level 1.0 Fighting
 - Level 1.7 Dodging
 + Level 3.1 Unarmed Combat
 + Level 2.4 Spellcasting
 * Level 2.8 Transmutations


You couldn't memorise any spells.
You knew the following spells:

 Your Spells              Type           Power      Damage    Failure   Level
a - Beastly Appendage     Tmut           22%        N/A       17%         1
b - Wereblood             Tmut           11%        N/A       24%         2
c - Spider Form           Tmut/Pois      6%         N/A       54%         3

Your spell library contained the following spells:

 Spells                   Type           Power      Damage    Failure   Level
 Summon Small Mammal      Summ           4%         N/A       41%         1
 Call Canine Familiar     Summ           1%         N/A       73%         3
 Portal Projectile        Hex/Tloc       2%         N/A       73%         3
 Summon Guardian Golem    Hex/Summ       1%         N/A       73%         3
 Tukima's Dance           Hex            1%         N/A       73%         3
 Ice Form                 Ice/Tmut       6%         N/A       88%         4
 Blade Hands              Tmut           5%         N/A       95%         5

Inventory:

Missiles
 j - 6 javelins
Armour
 a - a +0 robe (melded)
Scrolls
 e - a scroll of teleportation {@r4}
Potions
 b - a potion of lignification {!q}
 c - a potion of flight
 d - a potion of might

Dungeon Overview and Level Annotations

Branches:
Dungeon (2/15) Zot: 11044

Altars:

Annotations:
D:2 Terence

#.. #..
#.> #..
#####..##
#....(.w#
#@### ##
#..5## ..
###s.# #.
##.##
#.####..#
#.......#
######..#
#####...#
#<)##...#
#)..#...#
##.)#...#+


You could see Terence (extremely poisoned, ally target), a dart slug and a
friendly iron imp (summoned).


Message History

Your experience leads to an increase in your attributes!
Increase (S)trength, (I)ntelligence, or (D)exterity?
You feel clever. x2; Your demonic ancestry asserts itself...
You grow a small tail. 😮 HP[+6]
You now have 26 max hp (+5).
You regained 6 hp, and now have 16/26 hp.
You hit the worm. You tail-slap the worm. You hit the worm.
The worm misses you.
You hit the worm.
Your primal bloodlust has ended.
You hit the worm.
You kill the worm! 😮 HP[+1]
You hit the giant cockroach. The giant cockroach misses you.
The giant cockroach barely misses you.
You closely miss the giant cockroach.
Your tail-slap misses the giant cockroach.
The giant cockroach bites you. 😮 HP[-1]
You take 1 damage, and now have 16/26 hp.
You barely miss the giant cockroach. You tail-slap the giant cockroach.
You kill the giant cockroach!
You closely miss the hobgoblin. The hobgoblin barely misses you.
You hit the hobgoblin. You tail-slap the hobgoblin.
You kill the hobgoblin! 😮 HP[+1]
You completely miss the hobgoblin.
You tail-slap the hobgoblin, but do no damage.
The hobgoblin hits you but does no damage. 😮 MP[+1]
You hit the hobgoblin.
The hobgoblin hits you but does no damage.
You closely miss the hobgoblin. The hobgoblin misses you.
You barely miss the hobgoblin.
The hobgoblin barely misses you. 😮 HP[+1]
You hit the hobgoblin.
You kill the hobgoblin!
This spell is extremely dangerous to cast!
Memorise Spider Form, consuming 3 spell levels and leaving 0?
You start memorising the spell.
You continue memorising. x3
You finish memorising.
Spell assigned to 'c'. 😮 HP[+1]
d - a potion of might
Items here: ) [[ ††††. 😕 HP[+3] MP[+1]
You regained 3 hp, and now have 22/26 hp.
Your mp is fully restored (6).
You now have 1866 gold pieces (gained 8).
You now have 1883 gold pieces (gained 17).
e - a scroll of teleportation {@r4} 😎 HP[+4]
Your hp is fully restored (26).
Unknown command.
A dart slug comes into view.
A dart slug is nearby!
A dart slug is nearby!
A dart slug comes into view.
Found a stone staircase leading down.
Terence the Incautious comes into view.
He is wielding a +0 morningstar of venom.
The dart slug misses you.
Casting: Beastly Appendage (safe; 6% risk of failure)
Confirm with . or Enter, or press ? or * to list all spells.
The spell is extremely dangerous to miscast (32% risk of failure)!
Continue anyway? [Y]es or [N]o only, please.
The spell is extremely dangerous to miscast (32% risk of failure)!
Continue anyway?
You turn into a venomous arachnid creature.
Your +0 robe melds into your body. 😎 MP[-3]
You lost 3 mp, and now have 3/6 mp.
You hit the dart slug.
The dart slug is poisoned.
The dart slug launches a dart at you. The slug dart hits you.
A demonic guardian appears!
You bite the dart slug!
You kill the dart slug! 😕 HP[-4]
You take 4 damage, and now have 22/26 hp.
You hit Terence but do no damage.
Terence hits you with a +0 morningstar of venom.
You are poisoned. 😮 HP[-3]
You take 3 damage, and now have 19/26 hp.
You hit Terence.
Terence is poisoned.
You feel very sick. Terence completely misses you. 😮 HP[-3]
You take 3 damage, and now have 16/26 hp.
You are too injured to fight recklessly!
You are too injured to fight recklessly!
You hit Terence.
Terence looks as sick as possible!
* * * LOW HITPOINT WARNING * * *
You feel very sick.
Terence hits you with a +0 morningstar of venom!
* * * LOW HITPOINT WARNING * * *
😱 HP[-15]
You take 15 damage, and now have 1/26 hp.
MASSIVE DAMAGE!! (PAUSE) Terence attacks as you move away!
Terence completely misses you.
Your transformation is almost over.
You die...

Skill      XL: |  1  2 |
---------------+-------+-----
Transmutations | 2 |  2.8
Unarmed Combat | 3 |  3.1
Fighting       | |  1.0
Dodging        | |  1.7
Spellcasting   | |  2.4

Action                   || total
-------------------------++-------
Melee: Unarmed           ||    65
       Kick              ||    11
       Headbutt          ||     6
       Tailslap          ||     4
 Cast: Beastly Appendage ||     9
       Wereblood         ||     1
       Spider Form       ||     1
  Use: Scroll            ||     7
Armor: Robe              ||    13
Dodge: Dodged            ||    45

Levels and vault maps discovered:
D:1:      nicolae_arrival_memento_mori, layout_basic
D:2:      layout_rooms, serial_shops, nicolae_shop_waterfront, basic_altar,
          grunt_ministairs_6, minmay_misc_feat_four_crosses,
          grunt_decor_junction, uniq_robin, uniq_terence

Notes
Turn   | Place    | Note
-------+----------+-------------------------------------------
     0 | D:1      | kae the Demonspawn Transmuter began the quest for the Orb.
     0 | D:1      | Reached XP level 1. HP: 15/15 MP: 3/3
     0 | D:1      | magus.rc [v1.11.3]
   164 | D:1      | You pick up a book of Weapons and begin reading...
   164 | D:1      | You add the spells Tukima's Dance, Portal Projectile and
                  | Blade Hands to your library.
   198 | D:1      | Reached skill level 2 in Transmutations
   411 | D:1      | Gained mutation: A weak demonic guardian rushes to your
                  | aid. [demonic ancestry]
   411 | D:1      | Reached XP level 2. HP: 17/21 MP: 3/5
   611 | D:1      | You pick up a book of Callings and begin reading...
   611 | D:1      | You add the spells Summon Small Mammal, Call Canine
                  | Familiar and Summon Guardian Golem to your library.
   751 | D:1      | Identified 2 scrolls of acquirement
   751 | D:1      | Acquired 744 gold pieces
   790 | D:1      | Acquired 1068 gold pieces
   831 | D:2      | Noticed Robin
   863 | D:1      | Learned a level 2 spell: Wereblood
   878 | D:2      | Reached skill level 3 in Unarmed Combat
   885 | D:2      | Killed Robin
   886 | D:2      | Gained mutation: You have a small tail. [demonic ancestry]
   886 | D:2      | Reached XP level 3. HP: 16/26 MP: 4/6
   904 | D:2      | Learned a level 3 spell: Spider Form
   951 | D:2      | Noticed Terence
   958 | D:2      | HP: 1/26 [Terence/+0 morningstar of venom (11)]
   959 | D:2      | Succumbed to Terence's poison

Vanquished Creatures
  Robin (D:2)
  A worm (D:2)
  2 dart slugs
  2 giant cockroaches
  4 hobgoblins
  3 jackals (D:1)
  A ball python (D:2)
  A bat (D:1)
  7 goblins
  2 kobolds
24 creatures vanquished.

Vanquished Creatures (collateral kills)
  A bat (D:2)
  2 goblins (D:2)
3 creatures vanquished.

Grand Total: 27 creatures vanquished

Table legend:
 A = Non-vault XP
 B = Vault XP
 C = Vault XP percentage of total XP
 D = Non-vault monster count
 E = Vault monster count
 F = Vault count percentage of total count
                 A         B        C        D         E       F
            +---------+---------+-------+---------+---------+-------
      Total |      31 |      38 |  55.1 |      14 |      13 |  48.1
            +---------+---------+-------+---------+---------+-------
        D:1 |      17 |       4 |  19.0 |       9 |       2 |  18.2
        D:2 |      14 |      34 |  70.8 |       5 |      11 |  68.8
            +---------+---------+-------+---------+---------+-------

Illustrated notes

Table legend:
 A = Kills in this place as a percentage of kills in entire the game.
 B = Kills by you in this place as a percentage of kills by you in the entire game.
 C = Kills by friends in this place as a percentage of kills by friends in the entire game.
 D = Other kills in this place as a percentage of other kills in the entire game.
 E = Experience gained in this place as a percentage of experience gained in the entire game.
 F = Experience gained in this place divided by the number of levels of this place that you have seen.
                   A       B       C       D       E      F
               +-------+-------+-------+-------+-------+----------------------
         Total | 100.0 | 100.0 | 100.0 |   N/A | 100.0 |  34.5
       Dungeon | 100.0 | 100.0 | 100.0 |   N/A | 100.0 |  34.5
               +-------+-------+-------+-------+-------+----------------------

Table legend: (Time is in decaauts)
 A = Elapsed time spent in this place.
 B = Non-inter-level travel time spent in this place.
 C = Inter-level travel time spent in this place.
 D = Time resting spent in this place.
 E = Time spent auto-exploring this place.
 F = Levels seen in this place.
 G = Mean time per level.
                   A        B        C        D        E       F      G
               +--------+--------+--------+--------+--------+-----+--------+
         Total |    955 |    925 |     30 |     37 |    733 |   2 |  477.5 |
       Dungeon |    955 |    925 |     30 |     37 |    733 |   2 |  477.5 |
               +--------+--------+--------+--------+--------+-----+--------+

Top non-repeatable levels by time:
     D:1: 852 daAuts
     D:2: 103 daAuts
